 Dungeon Crawl Stone Soup version 0.31-a0-360-gb3e1d13bf4 (webtiles) character file.

Game seed: 16872788497675676954

44 freelancePsychic the Stinger (level 3, -2/35 HPs)
             Began as an Ogre Wanderer on July 26, 2023.
             Slain by Natasha (5 damage)
             ... on level 2 of the Dungeon.
             The game lasted 00:01:55 (1427 turns).

freelancePsychic the Stinger (Ogre Wanderer)        Turns: 1427, Time: 00:01:56

Health: -2/35      AC:  3    Str: 17    XL:     3   Next: 62%
Magic:  1/4        EV:  9    Int: 13    God:
Gold:   55         SH:  0    Dex:  9    Spells: 0/4 levels left

rFire   . . .        a - +2 trident
rCold   . . .        (no shield)
rNeg    . . .        c - +0 robe
rPois   .            (helmet restricted)
rElec   .            (no cloak)
rCorr   .            (gloves unavailable)
SInv    .            (boots unavailable)
Will    +....        (no amulet)
Stlth   +            (no ring)
HPRegen 0.25/turn    (no ring)
MPRegen 0.09/turn

%: no passive effects
@: enlightened, flying
A: large, unfitting armour, tough skin 1
a: no special abilities


You were on level 2 of the Dungeon.
You visited 1 branch of the dungeon, and saw 2 of its levels.

You collected 55 gold pieces.

Inventory:

Hand Weapons
 a - a +2 trident (weapon)
Armour
 c - a +0 robe (worn)
Jewellery
 e - an amulet of guardian spirit
Scrolls
 b - a scroll of fear
 d - a scroll of immolation {unknown}


   Skills:
 + Level 2.1 Fighting
 + Level 2.3 Polearms
 - Level 1.0 Dodging
 - Level 1.4 Stealth
 - Level 1.2 Spellcasting
 + Level 1.0 Transmutations
 + Level 0.8 Fire Magic
 * Level 2.5 Poison Magic
 - Level 1.0 Evocations


You couldn't memorise any spells.
You knew the following spells:

 Your Spells              Type           Power      Damage    Failure   Level
a - Sting                 Tmut/Pois      20%        1d4       14%         1
c - Ignite Poison         Fire/Tmut/Pois 4%         N/A       41%         3

Your spell library contained the following spells:

 Spells                   Type           Power      Damage    Failure   Level


Dungeon Overview and Level Annotations

Branches:
Dungeon (2/15)

Altars:

Annotations:
D:2 Natasha


Innate Abilities, Weirdness & Mutations

You are too large for most types of armour.
You have tough skin. (AC +1)


Message History

Your Transmutations skill increases to level 1!
You puncture the hobgoblin!
You kill the hobgoblin!
The cerulean imp hits you from afar with a +1 spear.
It was a potion of enlightenment.
You feel very buoyant.
You fly up into the air.
Natasha closely misses you. The cerulean imp barely misses you.
Aiming: Sting (safe; 14% risk of failure)
Press: ? - help, Q - select action Shift-Dir - straight line, f - Natasha
Aim: Natasha (60% to hit)
The sting hits Natasha.
Natasha is poisoned.
Natasha is lightly wounded.
Natasha claws you.
The cerulean imp hits you from afar with a +1 spear.
Aiming: Sting (safe; 14% risk of failure)
Press: ? - help, Q - select action Shift-Dir - straight line, f/p - Natasha
Aim: Natasha (lightly wounded, poisoned, 60% to hit)
The sting hits Natasha.
Natasha looks even sicker.
Natasha is moderately wounded.
Natasha closely misses you.
The cerulean imp hits you from afar with a +1 spear.
You closely miss Natasha.
Natasha is heavily wounded.
Natasha claws you.
The cerulean imp hits you from afar with a +1 spear.
Natasha stares at you and mumbles some strange words.
You resist with almost no effort.
You closely miss Natasha.
Natasha is heavily wounded.
The cerulean imp hits you but does no damage.
Natasha claws you.
* * * LOW HITPOINT WARNING * * *
You hit Natasha.
Natasha is severely wounded.
The cerulean imp hits you but does no damage.
Natasha claws you.
* * * LOW HITPOINT WARNING * * *
Natasha attacks as you move away! Natasha claws you.
You die...

#.# #..
#.# # #.#
#.# #. #.#
#.# #. #.#
#.# . #.
#.# #.##
#..#. #.#
#...
#.....##.#
#.##
$.8.8wh@.#
######
#....5##.#
#.....
#..#. #.#
#.###. .
#. #.#
#..... #.
#.# #####.
#. #.# #.
# #.# #.
#.# #. #.#
#.


You could see Natasha (very poisoned), a cerulean imp (summoned) and a dart
slug.

Vanquished Creatures
  An adder (D:2)
  A worm (D:2)
  7 endoplasms
  2 giant cockroaches
  2 goblins
  A hobgoblin (D:2)
  3 kobolds (D:1)
  A quokka (D:1)
  6 ball pythons
  A bat (D:1)
  3 frilled lizards (D:1)
  2 rats
30 creatures vanquished.

Notes
Turn   | Place    | Note
-------+----------+-------------------------------------------
     0 | D:1      | freelancePsychic the Ogre Wanderer began the quest for the
                  | Orb.
     0 | D:1      | freelancePsychic set off with the following items: a +1
                  | trident, a scroll of fear, a +0 robe; and the following
                  | spell memorised: Sting; and the following spells available
                  | to memorise: Ignite Poison.
     0 | D:1      | Reached XP level 1. HP: 19/19 MP: 2/2
   212 | D:1      | Found a faded altar of an unknown god.
   215 | D:1      | Noticed a floating eye
   217 | D:1      | Noticed a golden eye
   217 | D:1      | Noticed a shining eye
   217 | D:1      | Noticed a great orb of eyes
   247 | D:1      | Reached XP level 2. HP: 24/28 MP: 0/3
  1091 | D:1      | Reached XP level 3. HP: 32/35 MP: 2/4
  1165 | D:2      | Learned a level 3 spell: Ignite Poison
  1415 | D:2      | Noticed Natasha
  1420 | D:2      | Reached skill level 1 in Transmutations
  1427 | D:2      | Slain by Natasha

Illustrated notes

Levels and vault maps discovered:
D:1:      kennysheep_arrival_seaside, layout_basic,
          hellmonk_ecumenical_altar_watching_god
D:2:      wad_crossroads, layout_basic, uniq_robin, uniq_natasha

Skill      XL: |  1  2  3 |
---------------+----------+-----
Poison Magic   | 2 |  2.5
Fighting       | 2 |  2.1
Transmutations | 1 |  1.0
Polearms       | |  2.3
Dodging        | |  1.0
Stealth        | |  1.4
Spellcasting   | |  1.2
Fire Magic     | |  0.8
Evocations     | |  1.0

Action                     || total
---------------------------++-------
  Melee: Trident           ||    63
         Punch             ||     1
   Cast: Sting             ||    29
    Use: Scroll            ||     2
         Potion            ||     1
 Armour: Robe              ||    15
  Dodge: Dodged            ||    18

Table legend: (Time is in decaauts)
 A = Elapsed time spent in this place.
 B = Non-inter-level travel time spent in this place.
 C = Inter-level travel time spent in this place.
 D = Time resting spent in this place.
 E = Time spent auto-exploring this place.
 F = Levels seen in this place.
 G = Mean time per level.
                   A        B        C        D        E       F      G
               +--------+--------+--------+--------+--------+-----+--------+
         Total |   1438 |   1407 |     31 |      0 |   1200 |   2 |  719.0 |
       Dungeon |   1438 |   1407 |     31 |      0 |   1200 |   2 |  719.0 |
               +--------+--------+--------+--------+--------+-----+--------+

Top non-repeatable levels by time:
     D:1: 1131 daAuts
     D:2: 307 daAuts
